 Dungeon Crawl Stone Soup version 0.21.1-1-g345015fe64 (webtiles) character file.

3284 Kohma the Blocker (level 9, -5/79 HPs)
             Began as a Minotaur Fighter on June 28, 2018.
             Killed from afar by an electric eel (16 damage)
             ... with a bolt of electricity
             ... on level 7 of the Dungeon.
             The game lasted 00:15:12 (6562 turns).

Kohma the Blocker (Minotaur Fighter)                Turns: 6562, Time: 00:15:13

Health: -5/79      AC: 18    Str: 21    XL:     9   Next: 69%
Magic:  8/8        EV:  5    Int:  5    God:
Gold:   406        SH: 12    Dex: 13    Spells: 8/8 levels left

rFire    . . .     SeeInvis .   a - +1 war axe
rCold    . . .     Gourm    .   c - +0 shield
rNeg     + . .     Faith    .   w - +0 plate armour
rPois    .         Spirit   .   j - +2 hat
rElec    .         Reflect  .   (no cloak)
rCorr    +         Harm     .   u - +0 pair of gloves
MR       .....                  m - +0 pair of boots
Stlth    ..........             (no amulet)
HPRegen  0.23/turn              A - ring of resist corrosion
MPRegen  0.11/turn              E - ring of positive energy

@: no status effects
A: retaliatory headbutt, horns 2
a: no special abilities


You were on level 7 of the Dungeon.
You were hungry.

You visited 2 branches of the dungeon, and saw 8 of its levels.

You collected 406 gold pieces.

Inventory:

Hand Weapons
 a - a +1 war axe (weapon)
 b - a +4 hunting sling
Missiles
 e - 223 stones (quivered)
Armour
 c - a +0 shield (worn)
 j - a +2 hat (worn)
 m - a +0 pair of boots (worn)
 u - a +0 pair of gloves (worn)
 w - a +0 plate armour (worn)
Jewellery
 A - a ring of resist corrosion (left hand)
 E - a ring of positive energy (right hand)
Wands
 n - a wand of polymorph (6)
 C - a wand of iceblast (14)
Scrolls
 h - a scroll of amnesia
 i - 2 scrolls of remove curse
 k - 3 scrolls of enchant weapon
 x - 5 scrolls of identify
 y - a scroll of magic mapping
 D - a scroll of fog {unknown}
 F - a scroll of noise {unknown}
 I - 2 scrolls of teleportation
Potions
 d - a potion of might
 g - 2 potions of cancellation
 l - 4 potions of haste
 o - a potion of lignification {unknown}
 p - 2 potions of mutation
 q - a potion of degeneration {unknown}
 r - a potion of invisibility {unknown}
 s - a potion of ambrosia {unknown}
 t - a potion of agility {unknown}
 v - a potion of magic {unknown}
 z - 2 potions of heal wounds {unknown}
 B - 2 potions of brilliance {unknown}
 H - a potion of curing {unknown}
Comestibles
 f - 10 rations
 G - 7 chunks of flesh


   Skills:
 + Level 7.6 Fighting
 * Level 9.8 Axes
 + Level 7.5 Armour
 * Level 10.2 Shields


You had 8 spell levels left.
You didn't know any spells.

Dungeon Overview and Level Annotations

Branches:
Dungeon (7/15)             Temple (1/1) D:6

Altars:
Ashenzari
Cheibriados
Elyvilon
Fedhas
Gozag
Hepliaklqana
Kikubaaqudgha
Makhleb
Qazlal
Ru
Sif Muna
Trog
Uskayaw
Vehumet
Wu Jian
Xom
Yredelemnul
Zin
The Shining One


Innate Abilities, Weirdness & Mutations

You reflexively headbutt those who attack you in melee.
You have a pair of horns on your head.


Message History

You closely miss the electric eel. Your headbutt misses the electric eel.
You miss the electric eel. You closely miss the electric eel.
Your headbutt misses the electric eel.
Your plate armour prevents you from hitting the electric eel.
The electric eel shoots out a bolt of lightning at you!
The bolt of electricity hits you!
The electric eel shoots out a bolt of lightning at you!
The bolt of electricity hits you! x2
* * * LOW HITPOINT WARNING * * *
The bolt of electricity hits the electric eel.
The electric eel completely resists.
You hit the electric eel.
The electric eel is lightly wounded.
You closely miss the electric eel.
The electric eel shoots out a bolt of lightning at you!
The bolt of electricity hits you!
* * * LOW HITPOINT WARNING * * *
The electric eel shoots out a bolt of lightning at you!
The bolt of electricity hits you!
You die...

#.8# ##.#.#..#
#..#.≈≈.# ##.###...)
#.##.≈≈.# #.###....#
#.##.≈≈.# #.# #....#
#.##.≈≈.###.###....#
#.8#.≈≈.##.#.##.....
#..#.≈≈.#.###.##.#..
#'##.;≈.#.####.%....
#..@.;≈.##.#####.#..
#..#.≈≈.###.#.#.....
#..#.≈≈.# #.#.#..)..
#..#.≈≈.# ##.##.....
#..#.≈≈.#####.#.....
#..#.≈≈.#8###.##....
#..#.≈≈.#.##.##.#...
#..##≈≈###..###.....
#### #### #.....


You could see 2 electric eels.

Vanquished Creatures
  The ghost of Tali the Cleaver, a novice MiFi (D:5)
  Prince Ribbit (D:7)
  A hippogriff (D:7)
  A hungry ghost (D:7)
  2 ice beasts
  2 sky beasts
  4 ogres
  2 phantoms
  3 centaurs
  A bullfrog (D:7)
  A gnoll sergeant (D:5)
  2 wyvern skeletons
  3 scorpions
  5 crimson imps
  A bullfrog zombie (D:5)
  A centaur zombie (D:5)
  A quasit (D:6)
  2 hounds
  An orc wizard (D:6)
  2 bullfrog skeletons
  4 worker ants
  2 hound skeletons
  9 gnolls
  12 adders
  A shadow imp (D:7)
  An ooze (D:1)
  An adder skeleton (D:4)
  5 worms
  2 dart slugs
  3 leopard geckos
  5 orcs
  5 giant cockroaches
  8 goblins
  A hobgoblin (D:1)
  5 jackals
  4 kobolds
  3 quokkas
  A ball python (D:2)
  15 bats
  6 frilled lizards
  A quokka skeleton (D:7)
  6 rats
137 creatures vanquished.

Notes
Turn   | Place    | Note
-------+----------+-------------------------------------------
     0 | D:1      | Kohma the Minotaur Fighter began the quest for the Orb.
     0 | D:1      | Reached XP level 1. HP: 19/19 MP: 0/0
   136 | D:1      | Reached XP level 2. HP: 27/27 MP: 1/1
   236 | D:1      | Reached skill level 4 in Shields
   547 | D:1      | Reached XP level 3. HP: 33/33 MP: 2/2
  1264 | D:2      | Found a deep blue altar of Sif Muna.
  1489 | D:3      | Reached XP level 4. HP: 40/40 MP: 3/3
  2052 | D:4      | Noticed an ogre
  2058 | D:4      | Killed an ogre
  2058 | D:4      | Reached skill level 5 in Shields
  2058 | D:4      | Reached XP level 5. HP: 18/47 MP: 4/4
  2334 | D:4      | Noticed a phantom
  2358 | D:4      | Killed a phantom
  2358 | D:4      | Reached XP level 6. HP: 53/53 MP: 5/5
  2497 | D:4      | Found a burning altar of Makhleb.
  3136 | D:4      | Reached skill level 5 in Axes
  3300 | D:5      | Entered Level 5 of the Dungeon
  3328 | D:5      | Reached skill level 6 in Shields
  3415 | D:5      | Reached skill level 5 in Armour
  3416 | D:5      | Reached skill level 5 in Fighting
  3473 | D:5      | Reached XP level 7. HP: 17/61 MP: 6/6
  3635 | D:5      | Noticed Tali's ghost (novice MiFi)
  3662 | D:5      | Killed Tali's ghost
  3662 | D:5      | Reached skill level 7 in Shields
  3662 | D:5      | Reached XP level 8. HP: 53/70 MP: 7/7
  3973 | D:5      | Reached skill level 8 in Shields
  3985 | D:5      | Found a glowing golden altar of the Shining One.
  4905 | D:6      | Found a staircase to the Ecumenical Temple.
  4912 | Temple   | Entered the Ecumenical Temple
  5345 | D:6      | Reached skill level 9 in Shields
  5468 | D:6      | Reached XP level 9. HP: 70/78 MP: 8/8
  5986 | D:7      | Noticed Prince Ribbit
  6001 | D:7      | Killed Prince Ribbit
  6384 | D:7      | Reached skill level 10 in Shields
  6471 | D:7      | Found a hazy altar of Hepliaklqana.
  6562 | D:7      | Killed from afar by an electric eel

Skill      XL: |  1  2  3  4  5  6  7  8  9 |
---------------+----------------------------+-----
Shields        | 4 5 6 7 9 10 | 10.2
Axes           | 3 4 5 6 8 9 |  9.8
Fighting       | 4 5 6 7 |  7.6
Armour         | 4 5 6 7 |  7.5

Action                   |  1- 3 |  4- 6 |  7- 9 || total
-------------------------+-------+-------+-------++-------
Melee: War axe           |    94 |   105 |   260 ||   459
       Headbutt          |    10 |    23 |    51 ||    84
  Use: Scroll            |       |       |    11 ||    11
       Potion            |       |       |     1 ||     1
  Eat: Chunk             |     2 |     3 |     5 ||    10
       Ration            |       |     1 |     2 ||     3
Armor: Scale mail        |    46 |     1 |       ||    47
       Plate armour      |       |    72 |   132 ||   204
Dodge: Dodged            |    31 |    28 |    35 ||    94
Block: Shield            |    44 |    47 |   133 ||   224
